 Dungeon Crawl Stone Soup version 0.30-a0-241-g1121274140 (webtiles) character file.

Game seed: 6183217008849326492

58 KennySheep the Insei (level 3, -2/28 HPs)
             Began as a Demigod Transmuter on Oct 11, 2022.
             Slain by a gnoll
             ... wielding a +3 spear
              (5 damage)
             ... on level 2 of the Dungeon.
             The game lasted 00:02:11 (1156 turns).

KennySheep the Insei (Demigod Transmuter)           Turns: 1156, Time: 00:02:11

Health: -2/28      AC:  2    Str: 11    XL:     3   Next: 52%
Magic:  7/8        EV: 12    Int: 19    God:
Gold:   37         SH:  0    Dex: 14    Spells: 2/5 levels left

rFire   . . .      SeeInvis .      - Unarmed
rCold   . . .      Faith    .    (no shield)
rNeg    . . .      Spirit   .    a - +0 robe
rPois   .          Reflect  .    (helmet currently unavailable)
rElec   .          Harm     .    (no cloak)
rCorr   .          Rampage  .    (no gloves)
Will    .....                    (boots currently unavailable)
Stlth   +.........               (no amulet)
HPRegen 0.24/turn                d - ring of wizardry
MPRegen 0.11/turn                (no ring)

@: appendages
A: horns 2, talons 2, high MP 1, forlorn, divine attributes
a: End Transformation


You were on level 2 of the Dungeon.
You had temporarily grown beastly horns and talons.
You visited 1 branch of the dungeon, and saw 2 of its levels.

You collected 37 gold pieces.

Inventory:

Armour
 a - a +0 robe (worn)
 c - a +0 helmet (melded)
Jewellery
 d - a ring of wizardry (left hand)
Scrolls
 f - 2 scrolls of teleportation {unknown}
Potions
 b - a potion of lignification
 e - a potion of haste {unknown}


   Skills:
 + Level 1.6 Fighting
 + Level 2.2 Dodging
 + Level 3.0 Unarmed Combat
 - Level 1.7 Spellcasting
 * Level 2.7 Transmutations


You had 2 spell levels left.
You knew the following spells:

 Your Spells              Type           Power      Damage    Failure   Level
a - Beastly Appendage     Tmut           24%        N/A       2%          1
b - Wereblood             Tmut           12%        N/A       3%          2

Your spell library contained the following spells:

 Spells                   Type           Power      Damage    Failure   Level
 Spider Form              Tmut/Pois      6%         N/A       12%         3
 Ice Form                 Ice/Tmut       6%         N/A       36%         4


Dungeon Overview and Level Annotations

Branches:
Dungeon (2/15)


Innate Abilities, Weirdness & Mutations

You have temporarily grown beastly horns and talons.
You have an increased reservoir of magic. (+10% MP)
You shall have no god before yourself.
Your divine heritage dramatically boosts your attributes as you level up.


Message History

Your transformation is almost over.
The endoplasm freezes you.
You are frozen.
You hit the endoplasm. You claw the endoplasm. You headbutt the endoplasm.
You kill the endoplasm!
No target in view!
Your horns disappear.
Your talons disappear.
Your +0 helmet unmelds from your body.
A dart slug comes into view.
A dart slug is nearby!
A dart slug is nearby!
The dart slug launches a dart at you. The slug dart misses you.
You hit the dart slug.
The dart slug is heavily wounded.
You hit the dart slug.
You kill the dart slug!
No target in view!
A gnoll comes into view. It is wielding a +3 spear.
The gnoll shouts!
You hear a shout! x2
A gnoll is nearby!
A gnoll is nearby!
A gnoll comes into view. It is wielding a +0 flail.
The gnoll hits you with a +3 spear.
A gnoll comes into view. It is wielding a +0 club.
You grow a pair of large bovine horns.
Your feet morph into talons.
Your +0 helmet melds into your body.
A gnoll comes into view. It is wielding a +0 flail of venom.
The gnoll hits you with a +3 spear!
The gnoll shouts!
You hit the gnoll. Your kick misses the gnoll.
The gnoll is lightly wounded.
The gnoll hits you with a +3 spear!
You closely miss the gnoll. You claw the gnoll.
The gnoll is moderately wounded.
The gnoll hits you with a +3 spear!
* * * LOW HITPOINT WARNING * * *
A hobgoblin comes into view.
The gnoll hits you from afar with a +3 spear.
You die...

####.#######....
#.........##.###
#.##.####.##.# #
######.#..####.##.###
#.......#...........#
#.##........##.##.#.#
#.#......##.##.#.#
#.#.........##.###
##.##@#.........####
#.....##.....####
#..#.g##.##### ....
#..#### .## #.gg #..g
..##g ## . ..


You could see 3 gnolls and a hobgoblin.

Vanquished Creatures
  3 adders (D:2)
  2 dart slugs
  2 ball pythons (D:1)
  4 endoplasms
  4 hobgoblins (D:1)
  2 jackals (D:1)
  A quokka (D:1)
  2 bats (D:1)
  A frilled lizard (D:1)
  3 kobolds (D:1)
  2 rats
26 creatures vanquished.

Notes
Turn   | Place    | Note
-------+----------+-------------------------------------------
     0 | D:1      | KennySheep the Demigod Transmuter began the quest for the
                  | Orb.
     0 | D:1      | Reached XP level 1. HP: 15/15 MP: 5/5
   148 | D:1      | Reached skill level 1 in Fighting
   327 | D:1      | Reached XP level 2. HP: 13/23 MP: 7/7
   398 | D:1      | Learned a level 2 spell: Wereblood
   974 | D:2      | Reached skill level 3 in Unarmed Combat
   974 | D:2      | Reached XP level 3. HP: 22/28 MP: 6/8
  1156 | D:2      | Slain by a gnoll

Illustrated notes

Levels and vault maps discovered:
D:1:      amcnicky_arrival_gap_in_the_tavern_cellar, layout_loops_ring,
          shapermc_ecumenical_altar_acropolis
D:2:      minmay_spotlight, layout_loops_corners, basic_altar, serial_shops,
          shop, minmay_split_cup_small

Skill      XL: |  1  2 |
---------------+-------+-----
Fighting       | 1 |  1.6
Transmutations | 2 |  2.7
Dodging        | 2 |  2.2
Unarmed Combat | 3 |  3.0
Spellcasting   | |  1.7

Action                   || total
-------------------------++-------
Melee: Unarmed           ||    94
       Headbutt          ||     7
       Kick              ||     9
 Cast: Beastly Appendage ||    12
Armor: Robe              ||    26
Dodge: Dodged            ||    58

Table legend: (Time is in decaauts)
 A = Elapsed time spent in this place.
 B = Non-inter-level travel time spent in this place.
 C = Inter-level travel time spent in this place.
 D = Time resting spent in this place.
 E = Time spent auto-exploring this place.
 F = Levels seen in this place.
 G = Mean time per level.
                   A        B        C        D        E       F      G
               +--------+--------+--------+--------+--------+-----+--------+
         Total |   1150 |   1105 |     45 |      0 |    906 |   2 |  575.0 |
       Dungeon |   1150 |   1105 |     45 |      0 |    906 |   2 |  575.0 |
               +--------+--------+--------+--------+--------+-----+--------+

Top non-repeatable levels by time:
     D:1: 943 daAuts
     D:2: 206 daAuts
